 Dungeon Crawl Stone Soup version 0.29.1-15-g9cfb28693d (webtiles) character file.

Game seed: 14000129991672390600

13 Mickster the Chopper (level 2, 0/27 HPs)
             Began as a Hill Orc Berserker on Mar 13, 2023.
             Was a Follower of Trog.
             Slain by a worm (7 damage)
             ... on level 2 of the Dungeon.
             The game lasted 00:08:21 (896 turns).

Mickster the Chopper (Hill Orc Berserker)            Turns: 896, Time: 00:08:22

Health: 0/27       AC:  8    Str: 17 (19) XL:     2   Next: 37%
Magic:  2/2        EV:  7    Int:  5 (7)  God:    Trog [*.....]
Gold:   108        SH:  0    Dex:  7 (10) Spells: 1/1 levels left

rFire   . . .      SeeInvis .   a - +0 hand axe
rCold   . . .      Faith    .   (no shield)
rNeg    . . .      Spirit   .   g - +0 chain mail
rPois   .          Reflect  .   (no helmet)
rElec   .          Harm     .   (no cloak)
rCorr   .          Rampage  .   (no gloves)
Will    .....                   (no boots)
Stlth   ..........              (no amulet)
HPRegen 0.09/turn               (no ring)
MPRegen 0.08/turn               (no ring)

@: no status effects
A: no striking features
a: Renounce Religion, Berserk


You were on level 2 of the Dungeon.
You worshipped Trog.
Trog was aware of your devotion.
You visited 1 branch of the dungeon, and saw 2 of its levels.

You collected 108 gold pieces.

Inventory:

Hand Weapons
 a - a +0 hand axe (weapon)
 e - a +0 spear
 i - a +0 rapier
Missiles
 f - 10 stones
 h - 8 poisoned darts (quivered)
Armour
 b - a +0 animal skin
 c - a +0 ring mail
 g - a +0 chain mail (worn)
Scrolls
 d - 2 scrolls of identify


   Skills:
 + Level 3.7 Fighting
 * Level 4.6 Axes
 + Level 2.3 Armour
 + Level 1.6 Dodging


You had one spell level left.
You didn't know any spells.
Your spell library was empty.

Dungeon Overview and Level Annotations

Branches:
Dungeon (2/15)

Altars:


Message History

The hobgoblin is almost dead.
You hit the bat but do no damage. You barely miss the worm.
The bat hits you but does no damage. The worm bites you!
The hobgoblin hits you but does no damage.
You hit the hobgoblin.
You kill the hobgoblin!
Trog accepts your kill.
You hit the worm. You closely miss the bat.
The bat hits you but does no damage. The worm barely misses you.
You closely miss the hobgoblin. You hit the bat but do no damage.
You hit the worm. The bat hits you. The hobgoblin hits you.
You barely miss the hobgoblin. You barely miss the worm.
The bat barely misses you. The worm bites you. The hobgoblin hits you.
The bat hits you but does no damage.
You hit the hobgoblin but do no damage. You hit the bat.
You kill the bat!
Trog accepts your kill.
You hit the worm. The hobgoblin completely misses you.
The worm bites you but does no damage.
You closely miss the hobgoblin. You hit the worm.
The hobgoblin hits you but does no damage.
You hit the hobgoblin.
You kill the hobgoblin!
Trog accepts your kill.
You hit the worm. The worm bites you but does no damage.
The worm bites you but does no damage.
You see here a hobgoblin corpse.
You hit the worm but do no damage.
The worm is heavily wounded.
The worm bites you.
* * * LOW HITPOINT WARNING * * *
You hit the worm but do no damage.
The worm is moderately wounded.
You hit the worm.
The worm is heavily wounded.
The worm bites you but does no damage.
As you read the scroll labelled AFOERO FYAFE, it crumbles to dust.
You feel aware of your surroundings.
It was a scroll of magic mapping.
The worm bites you!
You die...

,,,,* ******####..<.....###**,,,,
,,,,* *,,,,................,,,,,,
,,,,* *,*,,...#...#.#...#..,,,,,,
,,,,***,*,,....#.#...#.#...,,,**,
*****,,,,,,,#...#.....#...#,,,**,
*,,,,,,..#..#.....#..#.,,,**,
*,,,,,*...###.....#*#..,*,,,,
*,,,,,,*.)#..#...#..#..*,,,,,
*,,,,,,,**#w@.#.#...#**,,,,,,
*,,,,,,#...#†..#...#..,*,,,,,
*,,,,,#.....#..#..#....,*,,,,
*,,,,........#####.....,,,,,,
*,,,,.#.....#,,*,,#....,*,***
****,..#...#,,,*,,,#...*,,,,,
**...###,,,*,*,,,***,,,**,
*..#,,*,,*,,,*,,*,,*,,,*,
*.#,,,***,,,,,***,,,*,,**


You could see a worm.

Vanquished Creatures
  An endoplasm (D:1)
  A goblin (D:1)
  2 hobgoblins (D:2)
  A quokka (D:1)
  4 bats
  A frilled lizard (D:1)
  A kobold (D:1)
  A rat (D:1)
12 creatures vanquished.

Notes
Turn   | Place    | Note
-------+----------+-------------------------------------------
     0 | D:1      | Mickster the Hill Orc Berserker began the quest for the
                  | Orb.
     0 | D:1      | Reached XP level 1. HP: 19/19 MP: 1/1
   508 | D:1      | Reached XP level 2. HP: 27/27 MP: 2/2
   896 | D:2      | Slain by a worm

Illustrated notes

Levels and vault maps discovered:
D:1:      minmay_arrival_up_and_down, layout_basic, minmay_misc_feat_rugged
D:2:      layout_basic, minmay_splitting_lines, uniq_crazy_yiuf_cottage

Action                   || total
-------------------------++-------
Melee: Hand axe          ||    45
  Use: Scroll            ||     6
       Potion            ||     2
Armor: Animal skin       ||     6
       Ring mail         ||     5
       Chain mail        ||    27
Dodge: Dodged            ||    29
